Unix NetHack Version 5.0.0-0 post-release - last build May 31 2026 23:59:36 (970b52f25bf058293b47ddfd14a1e40e571c508c,branch:main).

Game began 2026-06-06 12:32:34, ended 2026-06-06 12:57:26.

Eymerich, chaotic male elven Priest

           -------------
           |...........|
           |...........|
           |.......(...|
           |...........-#
           ---.---------#
              #      #####
              #         ### ###
              ##         ######  ---------.-
               ##             #  |(<.......|
                ##            ###|(........|
       ----------f-----         #-..........
       |.........@....|          -----------
       |????????+???+?|
       |??????????@+??|
       |?+??+???+?m??]|
       ----------------

Eymerich the Acolyte         St:12 Dx:9 Co:14 In:13 Wi:20 Ch:8  Chaotic
Dlvl:3  $:237 HP:0(35) Pw:49(53) AC:0  Xp:4 T:1615 

Latest messages:
 In what direction?
 There is a large box here.  Check it for traps? [ynq] (q)
 You find no traps on the large box.
 In what direction?
 There is a large box here.  Check it for traps? [ynq] (q)
 You find no traps on the large box.
 In what direction?
 There is a large box here.  Check it for traps? [ynq] (q)
 You find no traps on the large box.
 In what direction?
 There is a large box here.  Check it for traps? [ynq] (q)
 Hmmm, the large box turns out to be locked.
 You see here 3 gold pieces.
 $ - 3 gold pieces (237 in total).
 You swap places with Puffa.
 "Hello, Eymerich!  Welcome to Kanturk's second-hand bookstore!"
 You fail to cast the spell correctly.
 You sense the presence of monsters.
 (For instructions type a '?')
 What do you want to wear? [bp or ?*]
 You are now wearing a robe.
 What do you want to wear? [p or ?*]
 You finish your dressing maneuver.
 You see here a scroll labeled DAIYEN FOOELS (for sale, 107 zorkmids).
 You see here a cursed scroll labeled JUYED AWK YACC (for sale, 107 zorkmids).
 What do you want to put on? [lzK or ?*]
 l - an amulet of guarding (being worn).
 That strange object is a small mimic!
 You hit the small mimic!
 You hit the small mimic!
 The small mimic hits!
 You miss the small mimic.
 The small mimic hits!
 You hit the small mimic.
 The small mimic hits!
 You hear the footsteps of a guard on patrol.
 You hit the small mimic!
 The small mimic hits!
 You hit the small mimic.
 You miss the small mimic.
 You miss the small mimic.
 The small mimic just misses!
 You miss the small mimic.
 You miss the small mimic.
 The small mimic hits!
 You die...
 Kanturk gratefully inherits all your possessions.
 Do you want to see what you had when you died? [ynq] (y)
 Do you want to see your attributes? [ynq] (y)
 Do you want an account of creatures vanquished? [ynaq] (y)

Inventory:
 Coins    ('$')
  $ - 237 gold pieces
 Amulets  ('"')
  l - an amulet of guarding (being worn)
 Weapons  (')')
  E - 2 +0 elven daggers (at the ready)
  a - a blessed +1 mace (weapon in right hand)
 Armor    ('[')
  p - a +0 orcish helm (being worn)
  b - a +0 robe (being worn)
  I - a +0 elven mithril-coat (being worn)
 Comestibles  ('%')
  m - a slime mold
  e - a clove of garlic
  w - a cram ration
  k - a food ration
  y - an orange
  f - 2 sprigs of wolfsbane
  B - 2 tripe rations
  A - a tin of pureed jackal meat
  x - 2 lichen corpses
 Scrolls  ('?')
  J - a blessed scroll of identify
 Potions  ('!')
  o - 2 potions of healing
  d - 4 potions of holy water
 Tools    ('(')
  j - a tooled horn
  z - a blindfold
  i - a magic marker (0:20)
  K - a towel
 Gems/Stones  ('*')
  s - 2 opals named soft
  r - 2 cursed worthless pieces of green glass named soft

Eymerich the Priest's attributes:

Background:
 You were an Acolyte, a level 4 elven Priest.
 You were chaotic, on a mission for Huhetotl
 who was opposed by Quetzalcoatl (lawful) and Camaxtli (neutral).
 You were right-handed.
 You were in the Dungeons of Doom, on level 3.
 You entered the dungeon 1615 turns ago.
 You had 82 experience points, 78 more were needed to attain level 5.

Basics:
 You had 0 out of 35 hit points.
 You had 49 out of 53 energy points (spell power).
 Your armor class was 0.
 Your wallet contained 237 zorkmids.
 Autopickup was off.

Final Characteristics:
 Your strength was 12 (limit:18).
 Your dexterity was 9 (limit:18).
 Your constitution was 14 (limit:16).
 Your intelligence was 13 (limit:20).
 Your wisdom was 20 (limit:20).
 Your charisma was 8 (limit:18).

Final Status:
 You weren't hungry.
 You were unencumbered.
 You were wielding a mace.
 You had basic skill with mace.

Final Attributes:
 You were devoutly aligned.
 You were sleep resistant.
 You had infravision.
 You had a small defense bonus (+2).
 You were protected.
 Your spell casting was impaired by metallic armor, mitigated by your robe.
 You are dead.

Miscellaneous:
 You didn't encounter any bones levels.
 Total elapsed playing time was 24 minutes and 49 seconds.

Major events:
 Turn
    1: Eymerich the chaotic elven Priest entered the dungeon
  972: attained the rank of Acolyte (level 3)
 1615: killed by a small mimic

Spells:
 Name                 Level Category     Fail Retention
 healing                1   healing       30%  76%-100%
 detect monsters        1   divination    48%  76%-100%

Skills:
 Fighting Skills
   bare handed combat [Unskilled]
 Weapon Skills
   club               [Unskilled]
   mace               [Basic]
   morning star       [Unskilled]
   flail              [Unskilled]
   hammer             [Unskilled]
   quarterstaff       [Unskilled]
   polearms           [Unskilled]
   spear              [Unskilled]
   trident            [Unskilled]
   lance              [Unskilled]
   bow                [Unskilled]
   sling              [Unskilled]
   crossbow           [Unskilled]
   dart               [Unskilled]
   shuriken           [Unskilled]
   boomerang          [Unskilled]
   unicorn horn       [Unskilled]
 Spellcasting Skills
   healing spells     [Unskilled]
   divination spells  [Unskilled]
   clerical spells    [Basic]

Voluntary challenges:
 Character rerolling was not enabled.
 You were illiterate.
 You never genocided any monsters.
 You never polymorphed an object.
 You never changed form.
 You used no wishes.
Achievements:
 You entered a shop.
 You attained the rank of Acolyte.

 The Dungeons of Doom: levels 1 to 3
    Level 1:
    Level 2: "vault, locked chest"
       A general store.
    Level 3: <- You were here.
       A scroll shop.
       Final resting place for
          you, killed by a small mimic.


Vanquished creatures:
  a coyote
  2 gas spores
  2 hobbits
  a large kobold
  a giant rat
  a brown mold
  a yellow mold
  a red mold
  2 geckos
  5 jackals
  a fox
  a kobold
  2 goblins
  3 lichens
  4 newts
28 creatures vanquished.

No species were genocided or became extinct.

Game over:
                       ----------
                      /          \
                     /    REST    \
                    /      IN      \
                   /     PEACE      \
                  /                  \
                  |     Eymerich     |
                  |      237 Au      |
                  |   killed by a    |
                  |   small mimic    |
                  |                  |
                  |                  |
                  |       2026       |
                 *|     *  *  *      | *
        _________)/\\_//(\/(/\)/\//\/|_)_______

Goodbye Eymerich the Priest...

You died in The Dungeons of Doom on dungeon level 3 with 642 points,
and 237 pieces of gold, after 1615 moves.
You were level 4 with a maximum of 35 hit points when you died.

